 Dungeon Crawl Stone Soup version 0.21.1-1-g345015f (webtiles) character file.

71 inc the Conjurer (level 4, -2/18 HPs)
             Began as a Felid Wizard on Mar 1, 2018.
             Slain by a gnoll
             ... wielding a +0 spear
              (7 damage)
             ... on level 2 of the Dungeon.
             The game lasted 00:05:16 (3679 turns).

inc the Conjurer (Felid Wizard)                     Turns: 3679, Time: 00:05:17

Health: -2/18      AC:  1    Str:  3    XL:     4   Next: 5%
Magic:  0/9        EV: 17    Int: 20    God:
Gold:   181        SH:  0    Dex: 14    Spells: 8/9 levels left
                                        Lives:  0   Deaths: 1

rFire    . . .     SeeInvis +   (weapon unavailable)
rCold    . . .     Gourm    .   (shield unavailable)
rNeg     . . .     Faith    .   (armour unavailable)
rPois    .         Spirit   .   (helmet unavailable)
rElec    .         Reflect  .   (cloak unavailable)
rCorr    .         Harm     .   (gloves unavailable)
MR       .....                  (boots unavailable)
Stlth    +++.......             (no amulet)
HPRegen  0.06/turn              l - ring of wizardry
MPRegen  0.11/turn              (no ring)

@: quick
A: very small, no armour, no weapons or thrown items, stealth, claws 1, fangs 3,
see invisible, carnivore, speed 1, shaggy fur 1, slow metabolism 1, sharp paws
a: no special abilities


You were on level 2 of the Dungeon.
You were not hungry.

You visited 1 branch of the dungeon, and saw 3 of its levels.

You collected 181 gold pieces.

Inventory:

Jewellery
 i - an uncursed amulet of faith
 l - a ring of wizardry (left paw)
Scrolls
 g - a scroll of noise {unknown}
 h - a scroll of enchant weapon {unknown}
 j - a scroll of fear {unknown}
 o - 2 scrolls of fog {unknown}
 q - a scroll of teleportation {unknown}
 r - a scroll of amnesia {unknown}
Potions
 c - 3 potions of heal wounds
 e - a potion of degeneration {unknown}
 f - a potion of resistance
 k - a potion of curing
 m - a potion of invisibility {unknown}
 n - a potion of flight
 p - a potion of cancellation {unknown}
Books
 a - a book of Minor Magic

   Spells                             Type                      Level
   a - Magic Dart                     Conjuration                  1
   b - Blink                          Translocation                2
   c - Call Imp                       Summoning                    2
   d - Slow                           Hexes                        2
   e - Conjure Flame                  Conjuration/Fire             3
   f - Mephitic Cloud                 Conjuration/Poison/Air       3
Comestibles
 b - 6 rations


   Skills:
 - Level 2.6 Dodging
 - Level 2.6 Stealth
 - Level 3.0 Spellcasting
 + Level 4.3 Conjurations
   Level 1.0 Summonings
   Level 1.5 Translocations


You had 8 spell levels left.
You knew the following spells:

 Your Spells              Type           Power        Failure   Level  Hunger
a - Magic Dart            Conj           ###.         1%          1    None


Dungeon Overview and Level Annotations

Branches:
Dungeon (3/15)

Altars:
Gozag
Vehumet
Yredelemnul

Shops:
D:2 *


Innate Abilities, Weirdness & Mutations

You cannot wear armour.
You are incapable of wielding weapons or throwing items.
Your paws allow you to move quietly. (Stealth)
You have sharp claws.
You have razor-sharp teeth.
You have supernaturally acute eyesight. (SInv)
You are carnivorous and can eat meat at any time.
You cover ground quickly.
You are covered in fur. (AC +1)
You have a slow metabolism.
Your sharp claws are effective at attacking unaware monsters.


Message History

Aiming: Magic Dart
Press: ? - help, Shift-Dir - straight line, f/p - gnoll
Aim: a gnoll, wielding a spear and wearing a ring mail (severely wounded)
The magic dart hits the gnoll.
The gnoll is almost dead.
Casting: Magic Dart
Confirm with . or Enter, or press ? or * to list all spells.
You don't have enough magic to cast that spell.
Unknown command.
Casting: Magic Dart
Confirm with . or Enter, or press ? or * to list all spells.
You don't have enough magic to cast that spell.
Unknown command.
The gnoll hits you from afar with a spear.
* * * LOW HITPOINT WARNING * * *
The gnoll closely misses you.
You closely miss the gnoll.
The gnoll is almost dead.
The gnoll hits you with a spear!
You die...

......#.#.#.....#_.⌠.##..#.#..≈._
................#.... ##.#.#.≈≈..
#...............##..# #......≈...
#...............#### ####.#.≈.⌠.
#..(....####....#.# ...#.≈).∩
......#.# ##....#'##########.≈.⌠.
#.....#.###..........#.....#÷≈...
#.....#..##..................≈≈≈≈
#.######.##.....@g...............
....# #..#######'###............
....# ##.## #.....#####......
....# #..# #.....#####.#'###
....# ##.# #.....<.....#.# ....#
#.## #.###.#######.# ##### #..#
#.# #.......#.# ####
######.#####.# #######.#.# ...#
#............# #.†..#.#


You could see a gnoll.

Vanquished Creatures
  2 gnolls (D:2)
  6 adders (D:2)
  An ooze (D:1)
  2 leopard geckos (D:1)
  3 orcs (D:2)
  3 bats
  2 giant cockroaches
  A goblin (D:1)
  5 hobgoblins
  3 jackals (D:1)
  3 ball pythons
  3 frilled lizards
  10 kobolds
  5 rats
49 creatures vanquished.

Notes
Turn   | Place    | Note
-------+----------+-------------------------------------------
     0 | D:1      | inc the Felid Wizard began the quest for the Orb.
     0 | D:1      | Reached XP level 1. HP: 7/7 MP: 5/5
    17 | D:1      | Reached skill level 1 in Conjurations
   546 | D:1      | Reached XP level 2. HP: 11/11 MP: 0/7
   562 | D:1      | Reached skill level 2 in Conjurations
   979 | D:1      | Reached XP level 3. HP: 12/14 MP: 2/8
  1438 | D:2      | Reached skill level 3 in Conjurations
  2064 | D:2      | Reached XP level 4. HP: 17/18 MP: 3/9
  2382 | D:2      | Found Gozag's Platinum Reserve.
  2384 | D:2      | Found an opulent altar of Gozag.
  3023 | D:2      | Reached skill level 4 in Conjurations
  3181 | D:2      | Slain by a gnoll
  3182 | D:2      | Reached XP level 3. HP: -1/14 MP: 4/8
  3399 | D:2      | Reached XP level 4. HP: 5/18 MP: 3/9
  3619 | D:2      | Found a radiant altar of Vehumet.
  3620 | D:2      | Found a basalt altar of Yredelemnul.
  3679 | D:2      | Slain by a gnoll

Skill      XL: |  1  2  3  4 |
---------------+-------------+-----
Conjurations   | 1 2 3 4 |  4.3
Dodging        | |  2.6
Stealth        | |  2.6
Spellcasting   | |  3.0
Summonings     | |  1.0
Translocations | |  1.5

Action                   |  1- 3 |  4- 6 || total
-------------------------+-------+-------++-------
Melee: Unarmed           |     6 |     1 ||     7
 Cast: Magic Dart        |    92 |    68 ||   160
  Use: Scroll            |       |     4 ||     4
  Eat: Chunk             |     4 |     3 ||     7
Armor: Skin              |       |     2 ||     2
Dodge: Dodged            |    19 |    13 ||    32
